 Dungeon Crawl Stone Soup version 0.28-a0-1638-g9123634e07 (webtiles) character file.

Game seed: 11998336505467490875

99 Sweetruy1997 the Skirmisher (level 4, 0/37 HPs)
             Began as a Demonspawn Chaos Knight on Jan 24, 2022.
             Was a Plaything of Xom.
             Slain by Sigmund (8 damage)
             ... on level 2 of the Dungeon on Jan 26, 2022.
             The game lasted 00:08:23 (3208 turns).

Sweetruy1997 the Skirmisher (DsCK)                  Turns: 3208, Time: 00:08:23

Health: 0/37       AC: 15    Str: 12      XL:     4   Next: 45%
Magic:  3/3        EV: 11    Int: 13      God:    Xom [*.....]
Gold:   63         SH:  0    Dex: 14 (15) Spells: 3/3 levels left

rFire   . . .      SeeInvis .   a - +0 hand axe (chaos)
rCold   . . .      Faith    .   (no shield)
rNeg    . . .      Spirit   .   b - +2 leather armour
rPois   .          Reflect  .   c - +0 helmet
rElec   .          Harm     .   (no cloak)
rCorr   .          Rampage  .   (no gloves)
Will    .....                   (no boots)
Stlth   +.........              (no amulet)
HPRegen 0.12/turn               h - ring of flight
MPRegen 0.08/turn               (no ring)

@: sanguine armoured, flying
A: demonic guardian 1, sanguine armour 2, hooves 1, low mp 1
a: Renounce Religion


You were on level 2 of the Dungeon.
You worshipped Xom.
You were a special plaything of Xom.
You visited 1 branch of the dungeon, and saw 2 of its levels.

You collected 63 gold pieces.

Inventory:

Hand Weapons
 a - a +0 hand axe of chaos (weapon)
Missiles
 i - 32 stones (quivered)
Armour
 b - a +2 leather armour (worn)
 c - a +0 helmet (worn)
Jewellery
 h - a ring of flight (left hand)
Scrolls
 d - a scroll of magic mapping {unknown}
 f - 2 scrolls of brand weapon


   Skills:
 + Level 3.8 Fighting
 + Level 3.8 Axes
 + Level 0.2 Throwing
 + Level 2.1 Armour
 - Level 1.0 Dodging
 + Level 0.7 Stealth


You had 3 spell levels left.
You didn't know any spells.
Your spell library was empty.

Dungeon Overview and Level Annotations

Branches:
Dungeon (2/15)

Altars:
Xom

Annotations:
D:2 Sigmund


Innate Abilities, Weirdness & Mutations

A weak demonic guardian rushes to your aid.
When seriously injured, your blood forms thick armour. (AC +9)
You have large cloven feet.
Your magical capacity is low. (-10% MP)


Message History

The stone hits Sigmund but does no damage.
Sigmund barely misses you.
You hit Sigmund but do no damage.
Sigmund suddenly seems more agile.
You kick Sigmund, but do no damage. Sigmund says, "I'm your fate."
Sigmund barely misses you.
You miss Sigmund. Your kick misses Sigmund. You barely miss Sigmund.
Your kick misses Sigmund.
Sigmund hits you with a +1 scythe of protection!
You closely miss Sigmund. Sigmund hits you but does no damage.
You miss Sigmund. Sigmund barely misses you.
You miss Sigmund. Your kick misses Sigmund. You hit Sigmund but do no damage.
Sigmund casts a spell at you.
You are confused.
You're too confused to move!
Sigmund points at you and mumbles some strange words.
The puff of flame hits you.
You're too confused to move!
Sigmund hits you but does no damage.
You miss Sigmund. Your kick misses Sigmund. Sigmund closely misses you.
Sigmund closely misses you.
You feel less confused.
You hit Sigmund but do no damage. Your kick misses Sigmund.
Sigmund closely misses you.
You barely miss Sigmund. Your kick misses Sigmund. Sigmund closely misses you.
You barely miss Sigmund. You barely miss Sigmund. Your kick misses Sigmund.
Sigmund barely misses you.
You miss Sigmund.
Sigmund gestures wildly while chanting.
Sigmund flickers and vanishes!
Deactivating autopickup; reactivate with Ctrl-A.
You completely miss something. Your kick misses something. Something hits you!
A demonic guardian appears!
Your blood congeals into armour.
You completely miss something. Your kick misses something. Something hits you!
* * * LOW HITPOINT WARNING * * *
Your iron imp completely misses something.
There is a stone staircase leading up here.
Something hits you!
You die... "It was about time."

..........######..##_......# #
...†.................)[#...######
#........###.........).).).......
#.?..........######..)####.....##
##.....(..##...........###.....#.
#.....(..#.._...................
#...†...(.(...................#.
##.....##.._5...................
#.............@........#.......
#..................._........#.
#.............._..._..#......#.
##.........._........###..#####
#..................## ##.#
#..........#####..## #)#
#...........# #..######.#####
##........)).## #......#.......
#...........÷.###..............


You could see a friendly iron imp (summoned).

Vanquished Creatures
  Robin (D:2)
  An adder (D:2)
  A worm (D:2)
  2 dart slugs (D:1)
  6 bats
  10 endoplasms
  3 giant cockroaches (D:1)
  15 goblins
  5 hobgoblins
  2 jackals (D:2)
  4 ball pythons
  2 frilled lizards (D:1)
  4 kobolds
  7 rats
63 creatures vanquished.

Vanquished Creatures (collateral kills)
  A goblin (D:2)
  A hobgoblin (D:2)
  2 jackals (D:2)
4 creatures vanquished.

Grand Total: 67 creatures vanquished

Notes
Turn   | Place    | Note
-------+----------+-------------------------------------------
     0 | D:1      | Sweetruy1997 the Demonspawn Chaos Knight began the quest
                  | for the Orb.
     0 | D:1      | Reached XP level 1. HP: 18/18 MP: 1/1
    18 | D:1      | XOM: divination: magic mapping
   304 | D:1      | XOM: silly message
   414 | D:1      | Gained mutation: When seriously injured, your blood forms
                  | armour. (AC +9) [demonic ancestry]
   414 | D:1      | Reached XP level 2. HP: 24/24 MP: 2/2
   422 | D:1      | XOM: silly message
   608 | D:1      | XOM: silly message
   698 | D:1      | Gained mutation: You have large cloven feet. [potion of
                  | mutation]
   698 | D:1      | Gained mutation: Your magical capacity is low. (-10% MP)
                  | [potion of mutation]
   842 | D:1      | XOM: silly message
   865 | D:1      | XOM: silly message
  1085 | D:1      | Reached skill level 1 in Dodging
  1085 | D:1      | Gained mutation: A weak demonic guardian rushes to your
                  | aid. [demonic ancestry]
  1085 | D:1      | Reached XP level 3. HP: 29/29 MP: 2/2
  1206 | D:1      | XOM: silly message
  1416 | D:1      | XOM: silly message
  1483 | D:2      | Noticed Sigmund
  1494 | D:2      | XOM: butterfly on damage
  1824 | D:2      | XOM: divination: magic mapping
  2094 | D:1      | XOM: god gift: emerald potion {god gift}
  2250 | D:2      | XOM: god gift: 19 stones
  2283 | D:2      | XOM: noise
  2391 | D:2      | Upgraded the game from 0.28-a0-1629-gf728b707aa to
                  | 0.28-a0-1638-g9123634e07
  2394 | D:2      | Noticed Robin
  2398 | D:2      | Gained mutation: When seriously injured, your blood forms
                  | thick armour. (AC +9) [demonic ancestry]
  2398 | D:2      | Reached XP level 4. HP: 37/37 MP: 3/3
  2398 | D:2      | XOM: summons friendly crimson imp
  2430 | D:2      | Killed Robin
  2460 | D:2      | XOM: scenery: create altars
  2490 | D:2      | HP: 1/37 [something (8)]
  2594 | D:1      | XOM: stat loss: -1 Dex (14/15)
  3003 | D:2      | XOM: 1-stop teleportation journey
  3208 | D:2      | Slain by Sigmund

Illustrated notes

Levels and vault maps discovered:
D:1:      lemuel_arrival_tunnels, layout_loops_corners, minmay_heptomino_h4
D:2:      layout_rooms, minmay_diced_spiral, uniq_sigmund, uniq_robin

Skill      XL: |  1  2  3 |
---------------+----------+-----
Axes           | 3 |  3.8
Dodging        | 1 |  1.0
Armour         | 2 |  2.1
Fighting       | |  3.8
Throwing       | |  0.2
Stealth        | |  0.7

Action                   |  1- 3 |  4- 6 || total
-------------------------+-------+-------++-------
Melee: Hand axe          |   128 |    59 ||   187
       Punch             |     3 |       ||     3
       Kick              |    14 |    12 ||    26
Throw: Stone             |    22 |    28 ||    50
  Use: Potion            |     3 |       ||     3
       Scroll            |     2 |     2 ||     4
 Stab: Sleeping          |     2 |       ||     2
Armor: Leather armour    |    48 |    60 ||   108
Dodge: Dodged            |    82 |    48 ||   130

Table legend: (Time is in decaauts)
 A = Elapsed time spent in this place.
 B = Non-inter-level travel time spent in this place.
 C = Inter-level travel time spent in this place.
 D = Time resting spent in this place.
 E = Time spent auto-exploring this place.
 F = Levels seen in this place.
 G = Mean time per level.
                   A        B        C        D        E       F      G
               +--------+--------+--------+--------+--------+-----+--------+
         Total |   3223 |   3018 |    205 |    829 |   1618 |   2 | 1611.5 |
       Dungeon |   3223 |   3018 |    205 |    829 |   1618 |   2 | 1611.5 |
               +--------+--------+--------+--------+--------+-----+--------+

Top non-repeatable levels by time:
     D:1: 2416 daAuts
     D:2: 807 daAuts
